 Dungeon Crawl Stone Soup version 0.22.1-1-ga44c0e56f4 (webtiles) character file.

377943 Cykl0x the Hoplite (level 22, -8/152 HPs)
             Began as a Gargoyle Berserker on Oct 14, 2018.
             Was the Champion of Trog.
             Mangled by an acid blob (glowing shapeshifter) (22 damage)
             ... on level 5 of the Vaults on Oct 17, 2018.
             The game lasted 05:34:42 (42557 turns).

Cykl0x the Hoplite (Gargoyle Berserker)            Turns: 42557, Time: 05:34:45

Health: -8/152     AC: 39    Str: 29    XL:     22   Next: 82%
Magic:  0/22       EV: 15    Int:  6    God:    Trog [******]
Gold:   4358       SH: 41    Dex: 14    Spells: 21/21 levels left

rFire    . . .     SeeInvis +   v - +9 broad axe (flame)
rCold    . . .     Gourm    .   f - +10 large shield of Ignorance {rN+ Int-4}
rNeg     + + .     Faith    .   H - +4 plate armour
rPois    ∞         Spirit   +   W - +0 helmet
rElec    +         Reflect  +   y - scarf {Spirit}
rCorr    .         Harm     .   X - +2 pair of gloves
MR       .....                  t - +0 pair of boots
Stlth    ..........             n - +4 amulet of reflection
HPRegen  0.00/turn              d - +4 ring of evasion
MPRegen  0.18/turn              P - ring of see invisible

@: mighty, vulnerable, marked, corroded, very slightly contaminated
A: big wings, negative energy resistance 1, electricity resistance, inhibited
regeneration, unbreathing, petrification resistance, rot immunity, AC +16
}: 2/15 runes: barnacled, gossamer
a: Fly, Berserk, Trog's Hand, Brothers in Arms, Renounce Religion


You were on level 5 of the Vaults.
You worshipped Trog.
Trog was exalted by your worship.
You were not hungry.

You visited 8 branches of the dungeon, and saw 38 of its levels.
You visited the Abyss 1 time.
You also visited: Sewer, Ossuary, Bailey and Ice Cave.

You collected 4770 gold pieces.
You spent 412 gold pieces at shops.

Inventory:

Hand Weapons
 o - a +5 broad axe of venom
 v - a +9 broad axe of flaming (weapon)
Missiles
 A - 18 tomahawks
 M - 11 javelins
 Q - 9 steel tomahawks (quivered)
 T - 8 steel javelins
Armour
 f - the +10 large shield of Ignorance (worn) {rN+ Int-4}
   (You found it on level 5 of the Dungeon)

   It affects your intelligence (-4).
   It protects you from negative energy.
 t - a +0 pair of boots (worn)
 y - a scarf of spirit shield (worn)
 H - a +4 plate armour (worn)
 W - a +0 helmet (worn)
 X - a +2 pair of gloves (worn)
Jewellery
 d - a +4 ring of evasion (left hand)
 n - a +4 amulet of reflection (around neck)
 r - an uncursed ring of protection from cold
 J - an uncursed ring of resist corrosion
 P - a ring of see invisible (right hand)
Wands
 a - a wand of flame (10)
 b - a wand of random effects (72)
 k - a wand of polymorph (35)
 D - a wand of enslavement (41)
 E - a wand of acid (40)
 G - a wand of disintegration (16)
 N - a wand of iceblast (18)
 V - a wand of paralysis (33)
Scrolls
 e - 4 scrolls of enchant armour
 h - 3 scrolls of silence {unknown}
 i - a scroll of summoning
 s - 8 scrolls of magic mapping
 w - 5 scrolls of holy word
 F - 7 scrolls of teleportation
 I - 12 scrolls of identify
 K - 12 scrolls of remove curse
 L - 2 scrolls of blinking
Potions
 g - 32 potions of curing
 j - 5 potions of haste
 l - 3 potions of magic
 m - 8 potions of brilliance
 q - 5 potions of might
 x - 7 potions of agility
 B - 2 potions of resistance
 C - 5 potions of lignification
 Z - 2 potions of mutation
Miscellaneous
 p - a lamp of fire
 O - a lightning rod (4/4)
 S - a lightning rod (4/4)
 U - a phantom mirror
Comestibles
 c - 24 rations


   Skills:
 + Level 20.0 Fighting
 - Level 18.0 Axes
 + Level 5.8 Throwing
 + Level 12.8 Armour
 + Level 6.0 Dodging
 + Level 3.8 Stealth
 + Level 24.8 Shields
 + Level 1.1 Evocations


You had 21 spell levels left.
You didn't know any spells.
Your spell library contained the following spells:

 Spells                   Type           Power        Failure   Level  Hunger
 Infusion                 Chrm           #...         97%         1    ##.....
 Song of Slaying          Chrm           #.......     99%         2    ###....
 Ignite Poison            Fire/Tmut/Pois #.......     100%        3    ####...
 Mephitic Cloud           Conj/Pois/Air  #.......     100%        3    ####...
 Regeneration             Chrm/Necr      #.........   100%        3    ####...
 Spectral Weapon          Hex/Chrm       #.......     100%        3    ####...


Dungeon Overview and Level Annotations

Branches:
Dungeon (15/15)            Temple (0/1) D:5            Lair (6/6) D:10
 Shoals (4/4) Lair:2       Spider (4/4) Lair:3        Slime (1/5) Lair:6
    Orc (2/2) D:12            Elf (0/3) Orc:2        Vaults (5/5) D:14
  Crypt (0/3) Vaults:2     Depths (1/5) D:15

Altars:
Ashenzari
Dithmenos
Kikubaaqudgha
Nemelex Xobeh
Ru
Sif Muna
Vehumet
Xom
The Shining One
Beogh

Shops:
D:5 }   Orc:2 [*(   Vaults:2 ([!

Annotations:
Vaults:2 3 runed doors, Peloso's ghost, adept MiFi


Innate Abilities, Weirdness & Mutations

You are resistant to torment.
Your stone body is resilient. (AC +16)
You are immune to poison.
Your large and strong wings let you fly indefinitely.
You resist negative energy. (rN+)
You are resistant to electric shocks. (rElec)
You can survive without breathing.
You are immune to petrification.
You are immune to rotting.
You do not regenerate when monsters are visible.


Message History

The acid blob spits acid at you. The splash of acid hits you!
The acid corrodes you!
You are splashed with acid!
The acid burns!
* * * LOW HITPOINT WARNING * * *
The ogre mage mumbles some strange words.
The ogre mage blinks!
The titan waves its arms in wide circles.
The air twists around and strikes you!
* * * LOW HITPOINT WARNING * * *
You block the wolf spider's attack. x2
You feel very mighty all of a sudden.
You block the two-headed ogre's attack. x2; You block the wolf spider's attack.
The wolf spider closely misses you.
You feel better.
You block the two-headed ogre's attack. x2
You block the acid blob's attack. The wolf spider barely misses you.
The wolf spider bites you but does no damage.
The ogre mage mumbles some strange words.
The ogre mage blinks!
You block the wolf spider's attack. The wolf spider closely misses you.
The acid blob hits you!!
You die...

##...#...# ##...#....#
##...#.....#.OO.#..
##...#......#O...#..
##...#.......#...O#..
##...#.O......#....#..
##...#......§..#...O#Op
#...#..OCp...p.#....#..
#.J@s.e.D...#....#h†
#.../.....cQ..cc.c)D3
############.Q...p.o#
.....co(.oDpc
.....(.c<)opo
.....(e)c<)Q.
.....(.c<))p.
####ece...cS#
e(p.........


You could see a shadow dragon, 2 ironheart preservers, a titan, an acid blob, a
tengu reaver, a yaktaur captain, a deep elf sorcerer, a wolf spider, a
two-headed ogre and an ogre mage.

Vanquished Creatures
  Nikola (Spider:2)
  Arachne (Spider:2)
  A lich (Vaults:5)
  A tentacled monstrosity (Vaults:3)
  A quicksilver dragon (Vaults:5)
  Asterion (Spider:3)
  2 titans
  A kraken (Shoals:3)
  Frances (Spider:1)
  An acid blob (Lair:6)
  A tentacled starspawn (Abyss:2)
  4 sphinxes
  Polyphemus (Shoals:2)
  Agnes (Spider:2)
  Ilsuiw (Shoals:2)
  2 shadow dragons (Vaults:5)
  A fire giant (Vaults:4)
  A storm dragon (Vaults:5)
  2 tengu reavers
  A cacodemon (Abyss:2)
  13 vault wardens
  A deep elf sorcerer (Vaults:3)
  A revenant (Vaults:2)
  A frost giant (Vaults:4)
  4 ghost moths
  2 ghouls
  5 emperor scorpions
  4 ironheart preservers
  4 very ugly things
  8 entropy weavers
  8 stone giants
  2 deep elf demonologists
  A vampire knight (Vaults:2)
  2 deep elf annihilators
  5 spark wasps
  2 deep elf death magi (Vaults:4)
  A merfolk javelineer (Shoals:3)
  An eidolon (Vaults:2)
  Josephine (Shoals:1)
  A crystal guardian (Vaults:4)
  6 ettins
  5 merfolk impalers
  13 yaktaur captains
  2 great orbs of eyes
  A blizzard demon (Abyss:2)
  3 fire dragons
  A deep elf high priest (Vaults:5)
  4 ice dragons
  29 vault guards
  2 merfolk aquamancers
  A catoblepas (Shoals:2)
  45 two-headed ogres
  3 death knights
  6 hydras
  4 centaur warriors
  3 merfolk avatars
  The ghost of Mjsee792 the Blocker, a novice MiFi of Okawaru (D:10)
  2 alligator snapping turtles (Shoals:3)
  An alligator (Shoals:3)
  14 ogre magi
  2 death yaks (Shoals:2)
  2 deep troll earth magi (Depths:1)
  A tengu warrior (D:15)
  A queen ant (Spider:4)
  4 deep troll shamans
  7 deep elf knights
  4 thrashing horrors (Abyss:2)
  Nergalle (Lair:1)
  Urug (Lair:2)
  5 skeletal warriors (Vaults:1)
  3 iron trolls
  2 shadow wraiths
  A storm dragon skeleton (Abyss:2)
  4 sea snakes
  A sixfirhy (Abyss:2)
  2 flayed ghosts
  3 unseen horrors
  2 glowing orange brains (Vaults:1)
  The ghost of OdinFK the Tainter, a novice FoVM (D:15)
  7 deep trolls
  7 deep elf archers
  4 wizards
  3 phantasmal warriors
  A swamp dragon (shapeshifter) (Vaults:5)
  15 orc knights
  26 harpies
  15 ironbrand convokers
  2 lindwurms (Lair:5)
  Pikel (D:8)
  A harpy (shapeshifter) (Vaults:4)
  2 sphinx zombies
  4 necromancers
  36 ugly things
  20 orb spiders
  9 deep elf magi
  2 orc sorcerers
  An oklob plant (Shoals:1)
  13 cyclopes
  5 wolf spider zombies
  21 wolf spiders
  2 human zombies
  2 worldbinders (Abyss:2)
  2 fire giant zombies
  2 moths of wrath
  3 manticores
  A salamander (shapeshifter) (Vaults:4)
  4 black mambas
  4 centaur zombies
  18 fauns
  2 ice statues (IceCv)
  11 merfolk sirens
  6 elephants (Lair:4)
  A guardian serpent (shapeshifter) (Vaults:4)
  Maurice (Orc:1)
  A naga mage (D:15)
  An apocalypse crab (Abyss:2)
  7 vault sentinels
  A stone giant skeleton (Vaults:5)
  4 water nymphs
  An orange demon (Abyss:2)
  A torpor snail (Spider:4)
  24 spiny frogs
  A titan simulacrum (Vaults:5)
  A smoke demon (Abyss:2)
  2 gargoyles
  A rime drake (shapeshifter) (D:15)
  27 yaktaurs
  2 rime drakes (IceCv)
  7 komodo dragons
  9 redback zombies (Spider:2)
  2 ice devils (Orc:1)
  4 freezing wraiths
  A tengu conjurer (D:13)
  An ancient zyme (Abyss:2)
  A hellwing (Abyss:2)
  15 demonic crawlers
  24 merfolk
  24 jumping spiders
  A meliai (shapeshifter) (Vaults:2)
  3 polar bears
  9 trolls
  3 wind drakes
  16 hornets
  4 tyrant leeches (Lair:6)
  10 hippogriffs
  A raiju (Abyss:2)
  7 dream sheep
  A polar bear (shapeshifter) (Vaults:4)
  12 blink frogs (Lair:6)
  12 tarantella zombies (Spider:2)
  16 slime creatures
  A hippogriff (shapeshifter) (Abyss:2)
  4 large abominations (Abyss:2)
  87 redbacks
  A human simulacrum (Vaults:3)
  9 snapping turtles
  11 wraiths
  4 ynoxinuls (Abyss:2)
  2 shadows
  42 tarantellas
  A tarantella (shapeshifter) (Vaults:2)
  6 wyverns
  33 yaks
  A vampire (Abyss:2)
  A spriggan (shapeshifter) (D:13)
  6 water elementals
  3 hungry ghosts
  A yak (shapeshifter) (Vaults:2)
  2 basilisks
  2 fire bats (Abyss:2)
  4 neqoxecs (Abyss:2)
  10 vampire mosquitoes
  20 wargs
  8 small abominations
  A warg (shapeshifter) (D:15)
  3 acid dragons
  13 water moccasins
  19 soldier ants (Spider:4)
  10 porcupines
  3 sky beasts
  A black bear (Lair:1)
  18 ice beasts
  32 orc warriors
  3 necrophages
  5 phantoms
  8 wolves
  24 centaurs
  2 eyes of draining
  32 ogres
  17 boggarts
  An elf zombie (Vaults:4)
  23 crocodiles
  3 big kobolds (Sewer)
  38 bullfrogs
  10 gnoll sergeants
  An ogre simulacrum (Vaults:1)
  A wyvern zombie (D:13)
  A water moccasin zombie (D:8)
  A water moccasin skeleton (D:9)
  A wyvern skeleton (D:14)
  3 jellies
  3 scorpions
  14 wights
  5 killer bees (D:11)
  5 electric eels
  4 howler monkeys
  7 crimson imps
  2 quasits
  5 bullfrog zombies
  6 gnoll shamans (Bailey)
  10 hounds
  4 bullfrog skeletons
  5 centaur skeletons
  9 orc priests
  5 iguanas
  Ijyb (D:3)
  22 orc wizards
  39 worker ants
  5 big kobold zombies (Ossuary)
  2 hound skeletons (D:10)
  A mummy (Ossuary)
  A worker ant zombie (D:5)
  31 gnolls
  7 river rats (Sewer)
  16 adders
  A shadow imp (D:9)
  A white imp (Abyss:2)
  2 ufetubi (Abyss:2)
  An ooze (D:3)
  An adder skeleton (D:6)
  6 worms
  A dart slug (D:2)
  6 leopard geckos
  103 orcs
  3 spectral bats (Ossuary)
  9 giant cockroaches
  14 goblins
  6 hobgoblins
  2 jackals (D:1)
  4 quokkas
  6 ball pythons
  3 bats
  2 bat simulacra (Ossuary)
  5 frilled lizards
  7 gnoll zombies (Ossuary)
  5 goblin simulacra (Ossuary)
  6 goblin zombies (Ossuary)
  7 hobgoblin zombies (Ossuary)
  22 kobolds
  3 kobold simulacra (Ossuary)
  A kobold zombie (Ossuary)
  4 orc zombies (Ossuary)
  24 rats
  6 rat simulacra (Ossuary)
  7 spectral goblins (Ossuary)
  4 spectral kobolds (Ossuary)
  2 spectral rats (Ossuary)
  2 crawling corpses (Vaults:4)
  7 fungi
  29 plants
  7 tentacles (Shoals:3)
1858 creatures vanquished.

Vanquished Creatures (collateral kills)
  A wolf spider (Spider:3)
  A worker ant (Spider:4)
2 creatures vanquished.

Vanquished Creatures (others)
  A stone giant (Vaults:5)
  Nessos (Lair:4)
  A merfolk javelineer (Shoals:3)
  3 yaktaur captains
  2 two-headed ogres
  A satyr (Shoals:4)
  4 deep elf archers
  7 cyclopes
  3 fauns
  A merfolk siren (Shoals:2)
  Joseph (Lair:1)
  A demonic crawler (Spider:4)
  5 yaktaurs
  A merfolk (Shoals:2)
  A jumping spider (Spider:4)
  A hornet (Vaults:2)
  A redback (Spider:1)
  A tarantella (Spider:4)
  A water elemental (Shoals:3)
  A boggart (Vaults:3)
  A slave (D:8)
  4 centaurs
  An orc priest (D:8)
  An orc wizard (Vaults:1)
  6 orcs
  A quokka (D:8)
  7 fungi
  60 plants
  2 starspawn tentacles (Abyss:2)
  15 tentacles (Shoals:3)
136 creatures vanquished.

Grand Total: 1996 creatures vanquished

Notes
Turn   | Place    | Note
-------+----------+-------------------------------------------
     0 | D:1      | Cykl0x the Gargoyle Berserker began the quest for the Orb.
     0 | D:1      | Reached XP level 1. HP: 14/14 MP: 1/1
    24 | D:1      | Reached XP level 2. HP: 19/19 MP: 2/2
   331 | D:1      | Reached XP level 3. HP: 20/24 MP: 3/3
   417 | D:1      | Reached ** piety under Trog
  1225 | D:3      | Reached XP level 4. HP: 24/29 MP: 4/4
  1266 | D:3      | Noticed Ijyb
  1290 | D:3      | Killed Ijyb
  1652 | D:3      | Reached XP level 5. HP: 32/33 MP: 5/5
  1723 | D:3      | Reached *** piety under Trog
  2309 | D:4      | Noticed a phantom
  2424 | D:4      | Killed a phantom
  2424 | D:4      | Reached skill level 1 in Throwing
  2424 | D:4      | Reached skill level 1 in Shields
  2424 | D:4      | Reached XP level 6. HP: 8/39 MP: 4/6
  2663 | D:4      | Noticed a phantom
  2709 | D:4      | Killed a phantom
  2806 | D:4      | Reached skill level 2 in Shields
  2872 | D:4      | Reached XP level 7. HP: 40/44 MP: 7/7
  2964 | D:4      | Found a sacrificial altar of Ru.
  3142 | D:4      | Reached skill level 3 in Shields
  3284 | D:5      | Entered Level 5 of the Dungeon
  3301 | D:5      | Found a glowing drain.
  3343 | Sewer    | Entered a sewer
  3412 | Sewer    | Reached skill level 5 in Axes
  3457 | Sewer    | Reached skill level 5 in Fighting
  3549 | Sewer    | Reached **** piety under Trog
  3561 | Sewer    | Received a gift from Trog
  3561 | Sewer    | Reached XP level 8. HP: 37/49 MP: 8/8
  3670 | Sewer    | Reached skill level 4 in Shields
  4247 | D:5      | Got a heavily runed emerald amulet
  4249 | D:5      | Identified the amulet of Ciylem {Harm *Drain rN+ SInv} (You
                  | found it on level 5 of the Dungeon)
  4356 | D:5      | Found a staircase to the Ecumenical Temple.
  4451 | D:5      | Found the +10 large shield of Ignorance {rN+ Int-4}
  4528 | D:5      | Found a glowing golden altar of the Shining One.
  4566 | D:5      | Found Niwausayv's Gadget Shoppe.
  5031 | D:6      | Reached XP level 9. HP: 54/54 MP: 9/9
  5125 | D:6      | Reached skill level 5 in Shields
  5128 | D:6      | Reached skill level 1 in Stealth
  5167 | D:6      | Reached ***** piety under Trog
  5760 | D:7      | Found a flagged portal.
  5769 | Bailey   | Entered a bailey
  5863 | Bailey   | Reached skill level 6 in Shields
  5964 | Bailey   | Received a gift from Trog
  5987 | Bailey   | Identified the Catalogue of Intoxication and Boosts
  6060 | Bailey   | Reached skill level 7 in Shields
  6485 | D:7      | Found an ancient bone altar of Kikubaaqudgha.
  6495 | D:7      | Reached XP level 10. HP: 56/60 MP: 8/10
  7182 | D:8      | Found a sand-covered staircase.
  7191 | Ossuary  | Entered an ossuary
  7273 | Ossuary  | Received a gift from Trog
  7682 | D:8      | Found a radiant altar of Vehumet.
  7682 | D:8      | Found a shadowy altar of Dithmenos.
  7682 | D:8      | Found a shimmering altar of Xom.
  7896 | D:8      | Noticed Pikel
  7909 | D:8      | Killed Pikel
  7909 | D:8      | Reached skill level 8 in Shields
  8020 | D:8      | Reached skill level 10 in Axes
  8022 | D:8      | Reached XP level 11. HP: 64/67 MP: 3/11
  8118 | D:8      | Reached ****** piety under Trog
  8141 | D:8      | Received a gift from Trog
  8271 | D:8      | Noticed an orc sorcerer
  8282 | D:8      | Killed an orc sorcerer
  8282 | D:8      | Reached skill level 5 in Armour
  8282 | D:8      | Reached skill level 9 in Shields
  8634 | D:8      | Found a sparkling altar of Nemelex Xobeh.
  9552 | D:9      | Noticed a cyclops
  9555 | D:9      | Killed a cyclops
 10020 | D:10     | Entered Level 10 of the Dungeon
 10430 | D:10     | Found a staircase to the Lair.
 10666 | D:10     | Received a gift from Trog
 10849 | D:10     | Found a runed door.
 10851 | D:10     | Noticed Mjsee792's ghost (novice MiFi)
 10865 | D:10     | Killed Mjsee792's ghost
 10865 | D:10     | Reached skill level 10 in Shields
 11189 | D:11     | Reached XP level 12. HP: 75/75 MP: 4/12
 12142 | Lair:1   | Entered Level 1 of the Lair of Beasts
 12240 | Lair:1   | Noticed Joseph
 12245 | Lair:1   | Killed Joseph
 12271 | Lair:1   | Reached skill level 11 in Shields
 12437 | Lair:1   | Noticed Nergalle
 12453 | Lair:1   | Killed Nergalle
 12892 | Lair:2   | Noticed Urug
 12906 | Lair:2   | Killed Urug
 12906 | Lair:2   | Received a gift from Trog
 13316 | Lair:2   | Reached XP level 13. HP: 80/80 MP: 4/13
 13557 | Lair:2   | Found a staircase to the Shoals.
 13916 | Lair:3   | Found a hole to the Spider Nest.
 13996 | Lair:3   | Reached skill level 12 in Shields
 14434 | Lair:4   | Noticed Nessos
 14441 | Lair:4   | Killed Nessos
 14441 | Lair:4   | Reached skill level 5 in Dodging
 15542 | Lair:5   | Received a gift from Trog
 15845 | Lair:5   | Reached skill level 10 in Fighting
 15985 | Lair:5   | Reached skill level 13 in Shields
 16737 | Lair:6   | Entered Level 6 of the Lair of Beasts
 16792 | Lair:6   | Found a staircase to the Slime Pits.
 17017 | Lair:6   | Gained mutation: Your large and strong wings let you fly
                  | indefinitely. [Gargoyle growth]
 17017 | Lair:6   | Reached XP level 14. HP: 51/88 MP: 8/14
 17242 | Lair:6   | Received a gift from Trog
 17438 | Lair:6   | Reached skill level 14 in Shields
 17550 | Lair:6   | Received a gift from Trog
 17728 | Lair:6   | Identified the Handbook of Vitriolic Malediction
 18027 | Slime:1  | Entered Level 1 of the Pits of Slime
 18027 | Slime:1  | Noticed an acid blob
 18037 | Lair:6   | Killed an acid blob
 18694 | D:12     | Found a staircase to the Orcish Mines.
 18709 | Orc:1    | Entered Level 1 of the Orcish Mines
 18710 | Orc:1    | Noticed Maurice
 18736 | Orc:1    | Found a frozen archway.
 18764 | Orc:1    | Killed Maurice
 18779 | IceCv    | Entered an ice cave
 18828 | IceCv    | Received a gift from Trog
 18947 | IceCv    | Got a heavily runed platinum ring
 19174 | Orc:1    | Found a deep blue altar of Sif Muna.
 19252 | Orc:1    | Identified the ring "Koib" {MR- Str+3 Int+5} (You found it
                  | in an ice cave)
 19527 | Orc:2    | Entered Level 2 of the Orcish Mines
 19527 | Orc:2    | Found Ezewkuan's Antique Armour Emporium.
 19665 | Orc:2    | Found a roughly hewn altar of Beogh.
 19701 | Orc:2    | Found Gyntol's General Store.
 19725 | Orc:2    | Bought a scroll of enchant armour for 112 gold pieces
 19746 | Orc:2    | Found Zonaeca's Antique Weapon Shop.
 19756 | Orc:2    | Reached skill level 15 in Axes
 19756 | Orc:2    | Reached skill level 15 in Shields
 19975 | Orc:2    | Found a shimmering altar of Xom.
 20070 | Orc:2    | Found a staircase to the Elven Halls.
 20075 | Orc:2    | Found Xuliyc's Book Boutique.
 20075 | Orc:2    | Noticed a stone giant
 20079 | Orc:2    | Reached XP level 15. HP: 94/94 MP: 15/15
 21328 | D:13     | Received a gift from Trog
 21798 | D:14     | Received a gift from Trog
 21803 | D:14     | Got an encrusted executioner's axe {god gift}
 21809 | D:14     | Identified the +8 executioner's axe of Retotal {venom,
                  | rElec Int+4 Dex+2} (Trog gifted it to you on level 14 of
                  | the Dungeon)
 21864 | D:14     | Found a gate to the Vaults.
 22435 | D:15     | Entered Level 15 of the Dungeon
 22477 | D:15     | Found a shattered altar of Ashenzari.
 22958 | D:15     | Found a runed gate.
 22959 | D:15     | Found a runed gate.
 22960 | D:15     | Found a runed gate.
 22960 | D:15     | Noticed OdinFK's ghost (novice FoVM)
 22974 | D:15     | Killed OdinFK's ghost
 23266 | D:15     | Received a gift from Trog
 23275 | D:15     | Reached skill level 16 in Shields
 23286 | D:15     | Found a staircase to the Depths.
 23672 | Depths:1 | Entered Level 1 of the Depths
 23820 | Depths:1 | Reached XP level 16. HP: 101/101 MP: 16/16
 23953 | Depths:1 | Received a gift from Trog
 24457 | Depths:1 | Noticed a sphinx
 24473 | Depths:1 | Killed a sphinx
 25562 | Spider:1 | Entered Level 1 of the Spider Nest
 25717 | Spider:1 | Noticed Frances
 25729 | Spider:1 | Killed Frances
 25838 | Spider:1 | Reached skill level 17 in Shields
 26004 | Spider:1 | Reached skill level 5 in Throwing
 26166 | Spider:1 | Received a gift from Trog
 26456 | Spider:1 | Received a gift from Trog
 26964 | Spider:2 | Reached XP level 17. HP: 108/108 MP: 17/17
 27040 | Spider:2 | Noticed Agnes
 27044 | Spider:2 | Killed Agnes
 27055 | Spider:2 | Found the +7 great mace "Firestarter" {inner flame, rF++}
 27585 | Spider:2 | Noticed Arachne
 27620 | Spider:2 | Killed Arachne
 27704 | Spider:2 | Noticed Nikola
 27711 | Spider:2 | Received a gift from Trog
 27720 | Spider:2 | Killed Nikola
 27976 | Spider:3 | Reached skill level 18 in Shields
 28188 | Spider:3 | Noticed Asterion
 28210 | Spider:3 | Killed Asterion
 28796 | Spider:4 | Entered Level 4 of the Spider Nest
 29008 | Spider:4 | Received a gift from Trog
 29024 | Spider:4 | Received a gift from Trog
 29155 | Spider:4 | Reached XP level 18. HP: 80/115 MP: 16/18
 29200 | Spider:4 | Received a gift from Trog
 29293 | Spider:4 | Got a gossamer rune of Zot
 29318 | Spider:4 | Reached skill level 10 in Armour
 29798 | Spider:4 | Reached skill level 19 in Shields
 30688 | Shoals:1 | Entered Level 1 of the Shoals
 30726 | Shoals:1 | Found a sacrificial altar of Ru.
 30806 | Shoals:1 | Noticed Josephine
 30813 | Shoals:1 | Killed Josephine
 30831 | Shoals:1 | Received a gift from Trog
 31663 | Shoals:2 | Noticed Ilsuiw
 31683 | Shoals:2 | Noticed Polyphemus
 31699 | Shoals:2 | Killed Ilsuiw
 31709 | Shoals:2 | Killed Polyphemus
 32380 | Shoals:3 | Received a gift from Trog
 32549 | Shoals:3 | Reached skill level 20 in Shields
 32556 | Shoals:3 | Reached XP level 19. HP: 93/122 MP: 19/19
 32722 | Shoals:3 | Got an ancient pewter amulet
 32727 | Shoals:3 | Identified the amulet "Genuu" {RegenMP rElec} (You found it
                  | on level 3 of the Shoals)
 33165 | Shoals:4 | Entered Level 4 of the Shoals
 33196 | Shoals:4 | Reached skill level 15 in Fighting
 33201 | Shoals:4 | Found the +3 giant club "Skullcrusher" {speed, Str+7}
 33448 | Shoals:4 | Received a gift from Trog
 33494 | Shoals:4 | Got a barnacled rune of Zot
 34635 | Vaults:1 | Entered Level 1 of the Vaults
 35017 | Vaults:1 | Reached skill level 21 in Shields
 35074 | Vaults:1 | Received a gift from Trog
 35489 | Vaults:1 | Received a gift from Trog
 35748 | Vaults:1 | Reached XP level 20. HP: 131/131 MP: 12/20
 37072 | Vaults:2 | Received a gift from Trog
 37337 | Vaults:2 | Reached skill level 22 in Shields
 37342 | Vaults:2 | Found Touhy's Weapon Emporium.
 37568 | Vaults:2 | Found Vawumuru's Distillery.
 37576 | Vaults:2 | Bought a potion of curing for 36 gold pieces
 37576 | Vaults:2 | Bought a potion of curing for 36 gold pieces
 37576 | Vaults:2 | Bought a potion of heal wounds for 60 gold pieces
 37576 | Vaults:2 | Bought a potion of curing for 36 gold pieces
 37576 | Vaults:2 | Bought a potion of curing for 36 gold pieces
 37576 | Vaults:2 | Bought a potion of heal wounds for 60 gold pieces
 37576 | Vaults:2 | Bought a potion of curing for 36 gold pieces
 37648 | Vaults:2 | Received a gift from Trog
 37788 | Vaults:2 | Found a runed gate.
 37788 | Vaults:2 | Found a runed gate.
 37788 | Vaults:2 | Found a runed gate.
 37789 | Vaults:2 | Noticed Peloso's ghost (adept MiFi)
 37837 | Vaults:2 | Found Qotzixaunk's Antique Armour Shop.
 37989 | Vaults:2 | Found a staircase to the Crypt.
 38559 | Vaults:3 | Found the slimy robe
 39023 | Vaults:3 | Noticed a Tzitzimitl
 39029 | Vaults:3 | Cast into level 2 of the Abyss (a deep elf sorcerer)
 39531 | Abyss:2  | Received a gift from Trog
 39538 | Abyss:2  | Reached XP level 21. HP: 125/139 MP: 19/21
 39598 | Abyss:2  | Gained mutation: Your magical capacity is low. (-10% MP) [a
                  | neqoxec]
 39658 | Abyss:2  | Received a gift from Trog
 39760 | Abyss:2  | Lost mutation: Your magical capacity is low. (-10% MP) [a
                  | cacodemon]
 39761 | Abyss:2  | Gained mutation: You do not regenerate when monsters are
                  | visible. [a cacodemon]
 39836 | Vaults:3 | Escaped the Abyss
 39846 | Vaults:3 | Reached skill level 23 in Shields
 40268 | Vaults:3 | Received a gift from Trog
 41264 | Vaults:4 | Received a gift from Trog
 41290 | Vaults:4 | Reached skill level 24 in Shields
 41664 | Vaults:4 | Reached XP level 22. HP: 103/148 MP: 16/22
 42413 | Vaults:5 | Entered Level 5 of the Vaults
 42437 | Vaults:5 | Reached skill level 1 in Evocations
 42458 | Vaults:5 | Received a gift from Trog
 42508 | Vaults:5 | Received a gift from Trog
 42537 | Vaults:5 | Received a gift from Trog
 42555 | Vaults:5 | HP: 4/152 [titan/the air (8)]
 42557 | Vaults:5 | Mangled by an acid blob (glowing shapeshifter)

Skill      XL: |  1  2  3  4  5  6  7  8  9 10 11 12 13 14 15 16 17 18 19 20 21 22 |
---------------+-------------------------------------------------------------------+-----
Axes           | 3 4 5 6 8 10 11 12 14 15 16 17 18 | 18.0
Dodging        | 2 3 4 5 6 |  6.0
Fighting       | 4 5 6 7 8 9 10 11 12 13 14 15 17 18 20 | 20.0
Throwing       | 1 2 3 4 5 |  5.8
Armour         | 3 4 5 6 7 8 9 10 11 12 | 12.8
Shields        | 1 2 3 4 7 8 10 11 13 15 16 17 18 20 21 22 24 | 24.8
Stealth        | 1 2 3 |  3.8
Evocations     | 1 |  1.1

Action                   |  1- 3 |  4- 6 |  7- 9 | 10-12 | 13-15 | 16-18 | 19-21 | 22-24 || total
-------------------------+-------+-------+-------+-------+-------+-------+-------+-------++-------
Melee: Hand axe          |   123 |   220 |   272 |       |    22 |       |       |       ||   637
       Broad axe         |       |       |   319 |   952 |  1134 |  1339 |  1426 |   145 ||  5315
       Executioner's axe |       |       |       |       |    31 |       |       |       ||    31
Throw: Stone             |       |    91 |    46 |    24 |     1 |    16 |       |       ||   178
       Tomahawk          |       |       |     8 |     9 |    22 |    58 |     8 |       ||   105
       Throwing net      |       |       |     6 |     2 |       |       |       |       ||     8
       Javelin           |       |       |       |       |    20 |    15 |       |       ||    35
Invok: Berserk           |     1 |       |     3 |     1 |     1 |     4 |     3 |     1 ||    14
       Brothers in Arms  |       |       |       |       |       |     1 |       |       ||     1
       Trog's Hand       |       |       |       |       |       |       |     1 |       ||     1
 Abil: Fly               |       |       |       |       |       |     4 |     3 |       ||     7
       Stop Flying       |       |       |       |       |       |     4 |     3 |       ||     7
Evoke: Wand              |       |       |       |       |     4 |    10 |     2 |       ||    16
  Use: Scroll            |     6 |     3 |    10 |    17 |    11 |    11 |     6 |     2 ||    66
       Potion            |       |       |     1 |       |     6 |     8 |     3 |     6 ||    24
 Stab: Distracted        |       |       |       |       |       |     1 |       |       ||     1
       Petrified         |       |       |       |       |       |     6 |       |       ||     6
  Eat: Chunk             |     2 |     1 |     7 |    10 |    13 |    17 |    10 |       ||    60
       Ration            |       |     2 |     2 |     7 |     7 |     7 |     7 |     1 ||    33
Armor: Animal skin       |    22 |       |       |       |       |       |       |       ||    22
       Ring mail         |     5 |    51 |    61 |       |       |       |       |       ||   117
       Scale mail        |       |       |   135 |    68 |       |       |       |       ||   203
       Plate armour      |       |       |       |    82 |   392 |   475 |   465 |    97 ||  1511
Dodge: Dodged            |   109 |    96 |   280 |   120 |   228 |   260 |   320 |    63 ||  1476
Block: Other             |     6 |     7 |       |       |     6 |       |       |       ||    19
       Reflection        |     1 |       |    10 |    22 |    46 |    48 |   186 |    24 ||   337
       Shield            |       |    96 |   257 |       |       |       |       |       ||   353
       Large shield      |       |       |   501 |  1233 |  1599 |  2143 |  2045 |   242 ||  7763
